 Dungeon Crawl Stone Soup version 0.27.0-1-g7a089689b8 (webtiles) character file.

Game seed: 17001272816670135419

475 Descartes the Sneak (level 6, -5/28 HPs)
             Began as a Felid Monk on Aug 1, 2021.
             Slain by a gnoll (10 damage)
             ... on level 5 of the Dungeon.
             The game lasted 00:07:32 (5756 turns).

Descartes the Sneak (Felid Monk)                    Turns: 5756, Time: 00:07:34

Health: -5/28      AC:  2    Str:  9    XL:     6   Next: 84%
Magic:  7/7        EV: 22    Int: 11    God:
Gold:   279        SH:  0    Dex: 19    Spells: 5/5 levels left
                                        Lives:  0   Deaths: 1

rFire    . . .     SeeInvis +     - Unarmed
rCold    + . .     Faith    .   (shield unavailable)
rNeg     . . .     Spirit   .   (armour unavailable)
rPois    .         Reflect  .   (helmet unavailable)
rElec    .         Harm     .   (cloak unavailable)
rCorr    .         Rampage  .   (gloves unavailable)
Will     .....                  (boots unavailable)
Stlth    ++++......             (no amulet)
HPRegen  0.09/turn              c - ring of protection from cold
MPRegen  0.10/turn              (no ring)

@: studying Stealth, quick
A: very small, claws 1, fangs 3, see invisible, speed 1, shaggy fur 2, stealthy
paws, no weapons or thrown items, no armour, multi-lived
a: no special abilities


You were on level 5 of the Dungeon.
You visited 1 branch of the dungeon, and saw 5 of its levels.
You also visited: Sewer.

You collected 279 gold pieces.

Inventory:

Jewellery
 c - a ring of protection from cold (left paw)
Wands
 d - a wand of paralysis (6)
 f - a wand of iceblast (8)
Scrolls
 g - a scroll of summoning {unknown}
 h - a scroll of immolation {unknown}
 i - a scroll of teleportation
 k - a scroll of magic mapping {unknown}
 l - a scroll of vulnerability {unknown}
Potions
 a - 2 potions of curing {unknown}
 b - a potion of berserk rage
 e - a potion of heal wounds {unknown}
 j - a potion of haste {unknown}


   Skills:
 - Level 3.0 Fighting
 + Level 6.9 Dodging
 + Level 7.7 Stealth
 + Level 5.2 Unarmed Combat


You had 5 spell levels left.
You didn't know any spells.
Your spell library contained the following spells:

 Spells                   Type           Power      Damage    Failure   Level
 Slow                     Hex            0%         N/A       47%         2
 Confusing Touch          Hex            0%         N/A       71%         3
 Vampiric Draining        Necr           0%         2d6       71%         3


Dungeon Overview and Level Annotations

Branches:
Dungeon (5/15)              Sewer (visited)
 Temple: D:4-7

Altars:
Elyvilon
Zin

Annotations:
D:3 Sigmund


Innate Abilities, Weirdness & Mutations

You have sharp claws.
You have razor-sharp teeth.
You have supernaturally acute eyesight. (SInv)
You cover ground quickly. (Speed+)
You are covered in thick fur. (AC +2)
Your paws help you pounce on unaware monsters.
You are incapable of wielding weapons or throwing items.
You cannot wear armour.
You gain extra lives every three experience levels.


Message History

You scratch the gnoll.
The gnoll is lightly wounded.
You hear a shout!
The gnoll hits you with a +0 whip.
A gnoll shaman comes into view. It is wielding a +0 club.
You scratch the gnoll but do no damage. You bite the gnoll.
The gnoll is moderately wounded.
The gnoll misses you.
You scratch the gnoll but do no damage.
The gnoll is moderately wounded.
The gnoll barely misses you.
You barely miss the gnoll. You bite the gnoll, but do no damage.
The gnoll is moderately wounded.
The gnoll completely misses you. The gnoll shaman barely misses you.
You closely miss the gnoll.
The gnoll is moderately wounded.
The gnoll closely misses you.
The gnoll shaman calls upon its god to heal the gnoll.
The gnoll's wounds heal themselves!
You scratch the gnoll shaman.
The gnoll shaman is lightly wounded.
The gnoll misses you. The gnoll shaman closely misses you.
The gnoll misses you.
You scratch the gnoll shaman. Your bite misses the gnoll shaman.
The gnoll shaman is moderately wounded.
The gnoll misses you. The gnoll shaman completely misses you.
The gnoll barely misses you.
You scratch the gnoll shaman.
You bite the gnoll shaman, but do no damage.
The gnoll shaman is moderately wounded.
The gnoll closely misses you.
The gnoll shaman hits you with a +0 club!
The gnoll misses you.
You completely miss the gnoll shaman.
The gnoll shaman is moderately wounded.
The gnoll closely misses you.
The gnoll shaman hits you with a +0 club!
* * * LOW HITPOINT WARNING * * *
The gnoll hits you with a +0 whip!
You die...

#...###.#......
###
###.#.......###..
...
#....#..###...#
.... #....#.##
##.... .....
#....#.## ...
...#####.....###
.. # .g.
##.......... .
#:.#g##.$....#####
#..g@.>.>...#
##.g...........
####..#....##.
#..#....#
#..#....#
#..#....# ....
.... ##..#


You could see a gnoll shaman and 3 gnolls.

Vanquished Creatures
  A water moccasin (Sewer)
  A phantom (D:4)
  A scorpion (D:4)
  A jelly (D:3)
  Jessica (D:2)
  Natasha (D:4)
  An orc wizard (D:4)
  A howler monkey zombie (D:5)
  6 gnolls
  A river rat (D:4)
  3 worms
  A dart slug (D:2)
  6 orcs
  14 endoplasms
  2 giant cockroaches (D:4)
  4 hobgoblins
  12 jackals
  5 quokkas
  5 ball pythons
  8 bats
  2 frilled lizards
  7 goblins
  6 kobolds
  5 rats
95 creatures vanquished.

Notes
Turn   | Place    | Note
-------+----------+-------------------------------------------
     0 | D:1      | Descartes the Felid Monk began the quest for the Orb.
     0 | D:1      | Reached XP level 1. HP: 10/10 MP: 2/2
   229 | D:1      | Reached skill level 3 in Stealth
   449 | D:1      | Reached XP level 2. HP: 10/14 MP: 3/3
  1364 | D:1      | Reached XP level 3. HP: 13/17 MP: 4/4
  1792 | D:2      | Noticed Jessica
  1799 | D:2      | Killed Jessica
  1800 | D:2      | Reached skill level 4 in Stealth
  1965 | D:2      | Reached skill level 5 in Dodging
  1965 | D:2      | Reached XP level 4. HP: 7/21 MP: 5/5
  2560 | D:2      | Found a faded altar of an unknown god.
  3252 | D:3      | HP: 1/21 [jelly (3)]
  3252 | D:3      | Splashed by a jelly's acid
  3253 | D:3      | Reached XP level 3. HP: -7/17 MP: 4/4
  3260 | D:3      | Reached XP level 4. HP: 20/21 MP: 5/5
  3288 | D:3      | Noticed Sigmund
  3622 | D:4      | Found a glowing drain.
  3641 | Sewer    | Entered a sewer
  3814 | Sewer    | Noticed a water moccasin
  3825 | Sewer    | Killed a water moccasin
  3826 | Sewer    | Reached skill level 5 in Stealth
  3826 | Sewer    | Reached XP level 5. HP: 24/24 MP: 6/6
  3842 | Sewer    | Identified a scroll of acquirement
  3842 | Sewer    | Acquired a manual of Stealth
  3880 | D:4      | Found a white marble altar of Elyvilon.
  4288 | D:4      | Noticed a phantom
  4291 | D:4      | Killed a phantom
  4292 | D:4      | Reached skill level 6 in Stealth
  4292 | D:4      | Gained mutation: You are covered in thick fur. (AC +2)
                  | [Felid growth]
  4292 | D:4      | Reached XP level 6. HP: 28/28 MP: 7/7
  4507 | D:4      | Reached skill level 7 in Stealth
  4723 | D:4      | Noticed Natasha
  4726 | D:4      | Found a glowing silver altar of Zin.
  4735 | D:4      | Killed Natasha
  4736 | D:4      | Reached skill level 5 in Unarmed Combat
  5731 | D:5      | Entered Level 5 of the Dungeon
  5756 | D:5      | Slain by a gnoll

Illustrated notes

Levels and vault maps discovered:
D:1:      saegor_arrival_simple_a, layout_basic, serial_corexii_hall,
          chequers_hall_statues_y, corexii_hall_statues_i
D:2:      layout_loops_ring, hellmonk_ecumenical_altar_pennies_from_heaven,
          grunt_decor_arrowhead, dk_noncrumbling_2, uniq_jessica
D:3:      layout_rooms, uniq_sigmund
D:4:      layout_loops_ring, lemuel_coloured_pillars_altar,
          mainiacjoe_overflow_alcove_1, portal_sewer_entry_a, uniq_natasha
D:5:      layout_rooms, minmay_temple_entry_glass, hangedman_decor_push,
          uniq_eustachio, uniq_crazy_yiuf_cottage

Skill      XL: |  1  2  3  4  5  6 |
---------------+-------------------+-----
Stealth        | 3 4 5 6 7 |  7.7
Dodging        | 5 6 |  6.9
Unarmed Combat | 4 5 |  5.2
Fighting       | |  3.0

Action                   |  1- 3 |  4- 6 || total
-------------------------+-------+-------++-------
Melee: Unarmed           |    64 |   238 ||   302
       Bite              |     2 |    26 ||    28
       Punch             |     1 |     3 ||     4
  Use: Scroll            |       |     5 ||     5
 Stab: Sleeping          |     8 |    14 ||    22
       Distracted        |     1 |     1 ||     2
Armor: Skin              |     1 |     7 ||     8
Dodge: Dodged            |    32 |   220 ||   252
